AoeStats
← saschauli

Arena

509926579Analyzed
1v1 RM · 5d ago on Sep 28, 2026· 24m 11s· 2 players
Game mode
Random Map
Map size
Tiny (2 player)
Population
200
Speed
Normal
Resources
Standard
Victory
Conquest
Starting age
Dark Age
Ending age
Imperial Age
RankedLock teamsTeams togetherTeam positionsShared explorationLock speedFull tech treeHidden civsTurbo modeCheats
Victory
Defeat
🇩🇪 Poles · Germany
936
+17
🇲🇽 Vietnamese · Mexico
953
-19
saschauli
10:57 Feudal Age
10:38 Loom
15:28 Fletching
19:23 Castle Age
17:55 Double-Bit Axe
18:08 Horse Collar
18:49 Stone Mining
KadabRa
7:47 Loom
9:33 Feudal Age
10:48 Loom
15:23 Fletching
Connection lost

Rejoining the realm…

Still unreachable

The connection could not be restored.

Session expired

The server has moved on; the page needs a fresh start.